 Dungeon Crawl Stone Soup version 0.25-a0-786-g5b70d41e48 (webtiles) character file.

Game seed: 14657342906807597624, levelgen mode: deterministic

324079 twirl the Hoplite (level 21, -5/148 HPs)
             Began as a Gargoyle Fighter on Apr 17, 2020.
             Was the Champion of Okawaru.
             Killed from afar by an ancient champion (9 damage)
             ... with an iron shot
             ... in the Vestibule of Hell on Apr 18, 2020.
             The game lasted 02:39:48 (41134 turns).

twirl the Hoplite (Gargoyle Fighter)               Turns: 41134, Time: 02:39:48

Health: -5/148     AC: 46    Str: 29 (30) XL:     21   Next: 95%
Magic:  0/27       EV: 14    Int: 13      God:    Okawaru [******]
Gold:   3616       SH: 25    Dex: 12      Spells: 20/24 levels left

rFire    + + +     SeeInvis .   q - +6 hand axe of Certain Death {speed, rF++}
rCold    + + .     Gourm    .   s - +1 tower shield
rNeg     + . .     Faith    .   F - +7 gold dragon scales
rPois    ∞         Spirit   +   i - +1 helmet
rElec    +         Reflect  .   H - scarf {repulsion}
rCorr    +         Harm     .   A - +0 pair of fencer's gloves {Riposte Dex+3}
MR       +++..     NoCast   +   b - +1 pair of boots of Pragmatism {-Cast rPois rF+}
Stlth    ..........             W - amulet of Wexiurph {Spirit Str+4}
HPRegen  0.34/turn              h - ring of Phasing {EV+8}
MPRegen  0.20/turn              l - ring of protection from magic

@: resistant, flying, very slightly contaminated, hasted, drained, repel
missiles, very quick
A: big wings, deterioration 1, magic resistance 1, negative energy resistance 1,
electricity resistance, unbreathing, petrification resistance, rot immunity, AC
+16
}: 1/15 runes: serpentine
a: Stop Flying, Heroism, Finesse, Renounce Religion


You were in the Vestibule of Hell.
You worshipped Okawaru.
Okawaru was exalted by your worship.
You were not hungry.

You visited 8 branches of the dungeon, and saw 33 of its levels.
You visited the Abyss 3 times.
You also visited: Bailey, Ice Cave and Wizlab.

You collected 5412 gold pieces.
You spent 1796 gold pieces at shops.

Inventory:

Hand Weapons
 a - the +7 broad axe "Jusuer" {drain, Int+2 SInv}
   (Okawaru gifted it to you on level 2 of the Lair of Beasts)

   A truly terrible weapon, it drains the life of those it strikes.
   It affects your intelligence (+2).
   It lets you see invisible.
 q - the +6 hand axe of Certain Death (weapon) {speed, rF++}
   (Okawaru gifted it to you on level 10 of the Dungeon)

   Attacks with this weapon are significantly faster.
   It greatly protects you from fire.
Missiles
 Z - 3 throwing nets (quivered) {!f}
Armour
 b - the +1 pair of boots of Pragmatism (worn) {-Cast rPois rF+}
   (Okawaru gifted it to you on level 4 of the Snake Pit)

   It protects you from fire.
   It protects you from poison.
   It prevents spellcasting.
 i - a +1 helmet (worn)
   (You found it in an ice cave)
 s - a +1 tower shield (worn)
   (You found it on level 5 of the Lair of Beasts)
 z - a +2 kite shield of resistance
   (Okawaru gifted it to you on level 1 of the Orcish Mines)
 A - the +0 pair of fencer's gloves (worn) {Riposte Dex+3}
   (You found it on level 3 of the Elven Halls)

   It affects your dexterity (+3).
 F - +7 gold dragon scales (worn)
   (You took it off a deep elf blademaster on level 3 of the Elven Halls)
 H - a scarf of repulsion (worn)
   (You found it on level 1 of the Dungeon)
Jewellery
 h - the ring of Phasing (left hand) {EV+8}
   (You found it on level 14 of the Dungeon)

   [ring of evasion]

   It affects your evasion (+8).
 l - a ring of protection from magic (right hand)
   (You bought it in a shop on level 15 of the Dungeon)
 o - an uncursed ring of protection from cold
   (You found it on level 3 of the Elven Halls)
 W - the amulet of Wexiurph (around neck) {Spirit Str+4}
   (You found it on level 5 of the Lair of Beasts)

   [amulet of guardian spirit]

   It causes incoming damage to be split between your health and magic.
   It affects your strength (+4).
Wands
 c - a wand of disintegration (46)
   (You found it on level 11 of the Dungeon)
 d - a wand of iceblast (47)
   (You found it on level 11 of the Dungeon)
 t - a wand of flame (21)
   (You took it off an orc on level 11 of the Dungeon)
 u - a wand of paralysis (50)
   (You found it on level 13 of the Dungeon)
 v - a wand of digging (5)
   (You found it on level 3 of the Dungeon)
 K - a wand of enslavement (15)
   (You found it on level 10 of the Dungeon)
Scrolls
 g - a scroll of identify {@r1}
 k - 11 scrolls of enchant weapon
 r - 18 scrolls of remove curse {@r2}
 w - 9 scrolls of fear
 x - 3 scrolls of blinking
 y - 9 scrolls of teleportation {@r4}
 B - 6 scrolls of summoning
 C - 4 scrolls of immolation {!r}
 D - 2 scrolls of brand weapon
 L - 4 scrolls of magic mapping
 P - 5 scrolls of fog
 X - 2 scrolls of torment {!r}
 Y - 4 scrolls of vulnerability {!r}
Potions
 m - 7 potions of lignification {!q}
 n - 3 potions of heal wounds {@q2}
 p - 5 potions of ambrosia
 E - 5 potions of brilliance
 G - 2 potions of cancellation
 M - 14 potions of mutation {!q}
 O - 6 potions of might
 Q - 2 potions of haste {@q3}
 S - 2 potions of invisibility
Miscellaneous
 j - 4 phantom mirrors
Comestibles
 e - 59 rations {!d}


   Skills:
 + Level 21.3(19.9) Fighting
 - Level 18.0(16.8) Axes
 - Level 10.0(8.9) Armour
 - Level 3.0(2.1) Dodging
 - Level 1.0(0.2) Stealth
 + Level 22.4(21.0) Shields
 - Level 2.2(1.4) Spellcasting
 - Level 5.0(4.1) Summonings
 - Level 4.5(3.6) Air Magic
 - Level 8.0(7.0) Invocations
 - Level 5.0(4.1) Evocations


You had 20 spell levels left.
You knew the following spells:

 Your Spells              Type           Power        Failure   Level  Hunger
z - Summon Lightning Spi  Summ/Air       ##......     100%        4    #####..

Your spell library contained the following spells:

 Spells                   Type           Power        Failure   Level  Hunger
 Summon Butterflies       Summ           ##......     95%         1    ##.....
 Summon Small Mammal      Summ           ##..         95%         1    ##.....
 Call Imp                 Summ           ##......     98%         2    ###....
 Animate Skeleton         Necr           N/A          100%        1    ##.....
 Apportation              Tloc           #.....       100%        1    ##.....
 Corona                   Hex            #......      100%        1    ##.....
 Magic Dart               Conj           #...         100%        1    ##.....
 Pain                     Necr           #...         100%        1    ##.....
 Sting                    Tmut/Pois      #...         100%        1    ##.....
 Blink                    Tloc           N/A          100%        2    ###....
 Corpse Rot               Necr/Air       N/A          100%        2    ###....
 Passwall                 Tmut/Erth      #.......     100%        2    ###....
 Slow                     Hex            #.......     100%        2    ###....
 Sticks to Snakes         Tmut           #.......     100%        2    ###....
 Call Canine Familiar     Summ           ##......     100%        3    ####...
 Confusing Touch          Hex            #.......     100%        3    ####...
 Conjure Flame            Conj/Fire      #.......     100%        3    ####...
 Gell's Gravitas          Tloc           #.........   100%        3    ####...
 Inner Flame              Hex/Fire       #.......     100%        3    ####...
 Mephitic Cloud           Conj/Pois/Air  #.......     100%        3    ####...
 Portal Projectile        Hex/Tloc       #.....       100%        3    ####...
 Summon Guardian Golem    Hex/Summ       #.......     100%        3    ####...
 Teleport Other           Tloc           #.......     100%        3    ####...
 Vampiric Draining        Necr           #.........   100%        3    ####...
 Animate Dead             Necr           N/A          100%        4    #####..
 Cause Fear               Hex            #.........   100%        4    #####..
 Dispel Undead            Necr           #.......     100%        4    #####..
 Ice Form                 Ice/Tmut       #.......     100%        4    #####..
 Leda's Liquefaction      Hex/Erth       #.........   100%        4    #####..
 Petrify                  Tmut/Erth      #.......     100%        4    #####..
 Summon Ice Beast         Ice/Summ       #.......     100%        4    #####..
 Agony                    Necr           #.......     100%        5    ######.
 Blade Hands              Tmut           #.........   100%        5    ######.
 Bolt of Magma            Conj/Fire/Erth #.........   100%        5    ######.
 Excruciating Wounds      Chrm/Necr      #.........   100%        5    ######.
 Irradiate                Conj/Tmut      #.........   100%        5    ######.
 Iskenderun's Battlesphe  Conj/Chrm      #.......     100%        5    ######.
 Metabolic Englaciation   Hex/Ice        #.........   100%        5    ######.
 Yara's Violent Unravell  Hex/Tmut       #.........   100%        5    ######.
 Death Channel            Necr           #.........   100%        6    #######
 Dispersal                Tloc           #.........   100%        6    #######
 Hydra Form               Tmut           #.........   100%        6    #######
 Iron Shot                Conj/Erth      #.........   100%        6    #######
 Dragon Form              Tmut           #.........   100%        7    #######
 Haunt                    Necr/Summ      #.........   100%        7    #######
 Malign Gateway           Summ/Tloc      #.........   100%        7    #######
 Orb of Destruction       Conj           #.........   100%        7    #######
 Spellforged Servitor     Conj/Summ      #.........   100%        7    #######
 Summon Hydra             Summ           ##........   100%        7    #######
 Borgnjor's Revivificati  Necr           #.........   100%        8    #######
 Death's Door             Chrm/Necr      #.........   100%        8    #######
 Infestation              Necr           #.........   100%        8    #######
 Necromutation            Tmut/Necr      #.........   100%        8    #######
 Dragon's Call            Summ           ##........   100%        9    #######
 Sublimation of Blood     Necr           Unusable     N/A         2    N/A
 Statue Form              Tmut/Erth      Unusable     N/A         6    N/A

Dungeon Overview and Level Annotations

Branches:
Dungeon (15/15)            Temple (1/1) D:4            Lair (6/6) D:9
 Shoals (0/4) Lair:3        Snake (4/4) Lair:2        Slime (0/5) Lair:6
    Orc (2/2) D:11            Elf (3/3) Orc:2        Vaults (0/5) D:13
 Depths (1/5) D:15           Hell (1/1)                 Tar (0/7) Hell
 Bailey (visited)           IceCv (visited)          WizLab (visited)
    Dis: Hell:1         Geh: Hell:1         Coc: Hell:1

Altars:
Ashenzari
Cheibriados
Dithmenos
Elyvilon
Fedhas
Gozag
Hepliaklqana
Kikubaaqudgha
Makhleb
Nemelex Xobeh
Okawaru
Qazlal
Ru
Sif Muna
Trog
Uskayaw
Vehumet
Wu Jian
Xom
Yredelemnul
Zin
The Shining One
Lugonu

Shops:
D:4 (   D:13 %   D:14 (   D:15 =   Orc:2 !(:[*   Elf:1 ?   Snake:2 ((:!
Snake:4 [[?**

Portals:
Hell: Depths:1
Trove: D:15 (give horn of Geryon)

Annotations:
Elf:2 , 3 runed translucent doors
Hell Geryon


Innate Abilities, Weirdness & Mutations

You are resistant to torment.
Your stone body is resilient. (AC +16)
You are immune to poison.
Your large and strong wings let you fly indefinitely.
You resist negative energy. (rN+)
You are resistant to electric shocks. (rElec)
You can survive without breathing.
You are immune to petrification.
You are immune to rotting.
Your body sometimes deteriorates upon taking damage.
You are resistant to hostile enchantments. (MR+)


Message History

Okay, then.
Blink to where?
You are very lightly contaminated with residual magic.
As you read the scroll of blinking, it crumbles to dust.
Okay, then.
As you read the scroll of teleportation {@r4}, it crumbles to dust.
You feel strangely unstable.
You feel much better.
You block the ancient champion's attack.
You feel yourself speed up.
You block the ancient champion's attack.
You hit the ancient champion but do no damage.
You hit the ancient champion. The reaper shouts, "Death awaits you!"
The reaper hits you from afar with a +3 scythe of venom.
You block the ancient champion's attack.
You hit the ancient champion. You hit the ancient champion.
You hit the ancient champion but do no damage.
The ancient champion gestures at you while chanting.
The bolt of negative energy hits you! You partially resist.
You feel drained.
* * * LOW HITPOINT WARNING * * *
Your surroundings seem slightly different.
The ancient champion points at you and mumbles some strange words.
The bolt of negative energy misses you.
A soul eater opens the gate.
The ancient champion casts a spell at you.
The iron shot hits you but does no damage.
You see here a +0 glaive.
The soul eater draws from the surrounding life force!
* * * LOW HITPOINT WARNING * * *
You feel like a meek peon again. You block the soul eater's attack.
There is an open gate here.
A reaper comes into view. It is wielding a +2 antimagic scythe.
The soul eater draws from the surrounding life force!
* * * LOW HITPOINT WARNING * * *
The ancient champion is no longer moving quickly.
The ancient champion gestures wildly while chanting.
The ancient champion seems to speed up.
The soul eater draws from the surrounding life force!
* * * LOW HITPOINT WARNING * * *
You block the skeletal warrior's attack.
You hit the skeletal warrior but do no damage.
You hit the skeletal warrior. You block the red devil's attack.
You block the skeletal warrior's attack.
The ancient champion points at you and mumbles some strange words.
The iron shot hits you!
You die...

................
#...#...#...#....
...........h....
. ....X#.......#
#..#∩.....∩#..#
#.##.....##.#
#.....4...#
##...#z..##
##.^@z.## ##..z##
##...## ##..z..##
##...3...##
#...z.....#
#..##'D'##.2#
#..##....2##..#
..##.2#.#..##..#


You could see a shadow dragon, a tentacled monstrosity (wandering), 2 reapers, 2
ancient champions, 3 skeletal warriors, a soul eater and a red devil.

Vanquished Creatures
  Bai Suzhen (Snake:4)
  Vashnia (Snake:4)
  A mutant beast (WizLab)
  Jorgrun (D:13)
  An Ice Fiend (IceCv)
  2 deep elf blademasters (Elf:3)
  2 deep elf master archers (Elf:3)
  3 tentacled starspawn (Abyss:2)
  A sphinx (shapeshifter) (Elf:2)
  Roxanne (Snake:1)
  A frost giant (Depths:1)
  11 nagarajas
  An orc warlord (Orc:2)
  Louise (Elf:2)
  Aizul (Snake:1)
  11 deep elf sorcerers
  The ghost of Gezasmimp the Eclecticist, an adept DEVM of Sif Muna (Elf:2)
  8 deep elf elementalists (Elf:3)
  8 very ugly things
  7 deep elf demonologists
  Nessos (D:13)
  A vampire knight (Depths:1)
  3 stone giants (Depths:1)
  3 deep elf annihilators (Elf:3)
  A lorocyproca (Abyss:2)
  A spark wasp (shapeshifter) (Elf:2)
  4 deep elf death magi
  A fire dragon (Lair:6)
  3 ettins (Depths:1)
  3 deep elf high priests (Elf:3)
  Josephine (D:10)
  2 yaktaur captains
  A rakshasa (D:14)
  Erolcha (D:10)
  An ice dragon (Depths:1)
  5 hydras
  The ghost of pljop the Summoner, a journeyman KoSu of Dithmenos (Lair:6)
  17 naga warriors
  6 centaur warriors
  3 catoblepae
  11 anacondas
  15 dancing weapons
  A deep troll shaman (Depths:1)
  A death knight (D:15)
  4 orc high priests (Orc:2)
  2 tengu warriors
  3 ogre magi
  2 thrashing horrors (Abyss:2)
  5 death yaks (Lair:3)
  14 two-headed ogres
  Urug (Lair:4)
  10 naga sharpshooters
  15 shock serpents
  An iron golem (WizLab)
  19 deep elf knights
  A fire crab (shapeshifter) (WizLab)
  2 wretched stars (Abyss:2)
  4 skeletal warriors
  A fire crab (Lair:6)
  4 salamander mystics
  A sixfirhy (Abyss:2)
  A death drake (Abyss:2)
  An iron troll (Depths:1)
  An unseen horror (shapeshifter) (WizLab)
  11 sea snakes (Snake:4)
  4 deep trolls (Depths:1)
  An unseen horror (D:15)
  A swamp dragon (shapeshifter) (Elf:2)
  7 naga ritualists
  A wizard (Depths:1)
  A harpy (shapeshifter) (Elf:2)
  23 deep elf archers
  A lindwurm (Lair:6)
  4 orc knights
  2 orc sorcerers (Orc:2)
  11 mana vipers
  2 oklob plants (Lair:1)
  15 ugly things
  4 cyclopes
  63 deep elf magi
  A wolf spider (D:15)
  A worldbinder (Abyss:2)
  A shadow dragon skeleton (Abyss:2)
  A manticore (shapeshifter) (Elf:2)
  2 salamanders (shapeshifter)
  A faun (Lair:5)
  18 salamanders
  4 manticores
  39 black mambas
  5 elephants (Lair:2)
  An ice statue (Elf:2)
  2 black mambas (shapeshifter) (WizLab)
  2 gargoyles (D:15)
  16 naga magi
  The ghost of htime the Slasher, a novice MiBe of Trog (D:6)
  A merfolk siren (Lair:3)
  6 guardian serpents
  2 guardian serpents (shapeshifter)
  2 moths of wrath (Elf:2)
  An eye of devastation (Abyss:2)
  A torpor snail (Lair:5)
  A centaur skeleton (D:15)
  Psyche (D:10)
  6 spiny frogs
  3 molten gargoyles
  An orange demon (Abyss:2)
  2 spiny frogs (shapeshifter)
  2 centaur zombies
  4 freezing wraiths
  A rime drake (shapeshifter) (WizLab)
  13 komodo dragons
  A kobold demonologist (D:11)
  2 golden dragon simulacra (IceCv)
  6 yaktaurs
  An anaconda simulacrum (IceCv)
  6 ice devils (IceCv)
  2 tengu conjurers
  A queen bee (shapeshifter) (WizLab)
  5 trolls
  A meliai (shapeshifter) (WizLab)
  A polar bear (shapeshifter) (WizLab)
  2 merfolk
  A merfolk (shapeshifter) (WizLab)
  A jumping spider (shapeshifter) (WizLab)
  2 hornets
  A troll (shapeshifter) (Depths:1)
  A wind drake (shapeshifter) (Elf:2)
  A slime creature (shapeshifter) (Elf:2)
  A hornet (shapeshifter) (WizLab)
  6 hippogriffs
  A raiju (Abyss:2)
  29 slime creatures
  18 blink frogs
  2 blink frogs (shapeshifter) (WizLab)
  A spriggan (shapeshifter) (D:14)
  An air elemental (Elf:1)
  9 wraiths
  3 dire elephant simulacra (IceCv)
  2 shadows
  2 ynoxinuls (Abyss:2)
  2 hogs (shapeshifter)
  A spriggan (D:11)
  17 humans
  A redback (shapeshifter) (Elf:3)
  8 wyverns
  4 fire elementals
  6 water elementals
  4 basilisks
  30 yaks
  A golden eye (shapeshifter) (WizLab)
  A hungry ghost (D:13)
  3 steam dragons (Lair:6)
  7 vampire mosquitoes
  57 nagas
  A neqoxec (Abyss:2)
  A swamp worm (shapeshifter) (Elf:2)
  5 wargs
  2 acid dragons
  5 water moccasins
  2 iron troll simulacra (IceCv)
  A soldier ant (shapeshifter) (WizLab)
  3 hell hounds (Lair:6)
  4 hydra simulacra (IceCv)
  A soldier ant (D:14)
  3 harpy simulacra (IceCv)
  A floating eye (shapeshifter) (WizLab)
  12 large abominations
  A swamp drake (D:11)
  3 porcupines
  4 floating eyes (WizLab)
  40 orc warriors
  4 sky beasts
  A necrophage (D:11)
  An alligator simulacrum (IceCv)
  A sky beast (shapeshifter) (Elf:2)
  3 black bears
  A black bear (shapeshifter) (WizLab)
  2 ice beasts
  An eye of draining (D:9)
  2 phantoms
  41 wolves
  20 ogres
  15 crocodiles
  22 centaurs
  12 small abominations
  4 big kobolds
  4 elf zombies (Elf:1)
  23 bullfrogs
  5 earth elementals
  11 scorpions
  An elephant simulacrum (IceCv)
  12 killer bees
  2 electric eels
  4 wights
  4 howler monkeys
  A bullfrog zombie (D:9)
  5 lava snakes (Lair:6)
  6 crimson imps
  4 quasits
  4 draconian simulacra (IceCv)
  16 jellies
  26 orc priests
  3 hounds
  A bullfrog skeleton (D:9)
  2 iron imps
  35 orc wizards
  5 iguanas
  11 worker ants
  5 polar bear simulacra (IceCv)
  A troll simulacrum (IceCv)
  A spriggan simulacrum (IceCv)
  A centaur simulacrum (IceCv)
  A hound zombie (D:5)
  2 hound skeletons (D:7)
  A worker ant zombie (D:7)
  10 gnolls
  A howler monkey skeleton (D:5)
  8 adders
  4 naga simulacra (IceCv)
  2 ogre simulacra (IceCv)
  6 shadow imps
  6 white imps
  3 ufetubi (IceCv)
  2 oozes
  An adder zombie (D:7)
  3 adder skeletons
  A worm (shapeshifter) (WizLab)
  4 worms
  2 dart slugs (D:1)
  13 leopard geckos
  127 orcs
  A ball python (D:1)
  8 bats
  7 giant cockroaches
  11 goblins
  9 hobgoblins
  15 jackals
  7 quokkas
  10 frilled lizards
  A jackal zombie (D:6)
  19 kobolds
  12 rats
  2 fungi
  8 plants
  4 starspawn tentacles (Abyss:2)
1511 creatures vanquished.

Vanquished Creatures (others)
  A dancing weapon (Elf:1)
  A deep elf knight (Elf:1)
  3 deep elf magi
  A naga mage (Snake:3)
  A blink frog (Lair:6)
  A naga (Snake:4)
  A quokka (D:15)
  3 fungi
  A plant (D:9)
  20 starspawn tentacles (Abyss:2)
  2 withered plants (D:6)
35 creatures vanquished.

Grand Total: 1546 creatures vanquished

Notes
Turn   | Place    | Note
-------+----------+-------------------------------------------
     0 | D:1      | twirl the Gargoyle Fighter began the quest for the Orb.
     0 | D:1      | Reached XP level 1. HP: 14/14 MP: 1/1
    68 | D:1      | Reached XP level 2. HP: 19/19 MP: 2/2
   191 | D:1      | Reached XP level 3. HP: 23/23 MP: 3/3
   333 | D:1      | Reached skill level 4 in Shields
   869 | D:2      | Found a glowing golden altar of the Shining One.
   940 | D:2      | Reached XP level 4. HP: 29/29 MP: 4/4
  1520 | D:2      | Reached XP level 5. HP: 33/33 MP: 5/5
  1664 | D:2      | Found a hide-covered altar of Uskayaw.
  1988 | D:3      | Found a shimmering blue altar of Sif Muna.
  2880 | D:4      | Reached skill level 5 in Shields
  2944 | D:4      | Found a staircase to the Ecumenical Temple.
  2964 | Temple   | Entered the Ecumenical Temple
  3278 | Temple   | Became a worshipper of Warmaster Okawaru
  3412 | D:4      | Found a glowing silver altar of Zin.
  3446 | D:4      | Found Gemnel's Antique Weapon Boutique.
  3451 | D:4      | Bought a crystal spear for 136 gold pieces
  3493 | D:4      | Identified the +7 spear of the Eleven Coins {protect,
                  | *Contam rF+ Str+2} (You bought it in a shop on level 4 of
                  | the Dungeon)
  3586 | D:4      | Noticed an ogre
  3596 | D:4      | Killed an ogre
  3596 | D:4      | Reached XP level 6. HP: 23/39 MP: 6/6
  3762 | D:4      | Found a shimmering altar of Xom.
  3904 | D:4      | Reached skill level 1 in Invocations
  3904 | D:4      | Reached XP level 7. HP: 44/44 MP: 7/7
  4171 | D:5      | Entered Level 5 of the Dungeon
  4244 | D:5      | Reached skill level 6 in Shields
  4452 | D:5      | Reached * piety under Okawaru
  4914 | D:5      | Found a sparkling altar of Nemelex Xobeh.
  4915 | D:5      | Found an opulent altar of Gozag.
  5173 | D:6      | Reached skill level 5 in Fighting
  5203 | D:6      | Reached skill level 5 in Axes
  5575 | D:6      | Reached XP level 8. HP: 48/49 MP: 9/9
  5869 | D:6      | Found a snail-covered altar of Cheibriados.
  6098 | D:6      | Found a runed translucent door.
  6100 | D:6      | Noticed htime's ghost (novice MiBe)
  6340 | D:6      | Reached skill level 7 in Shields
  6494 | D:6      | Found a runed translucent door.
  6840 | D:6      | Found a snail-covered altar of Cheibriados.
  6971 | D:7      | Found a transporter.
  6975 | D:7      | Found a corrupted altar of Lugonu.
  6975 | D:7      | Found a transporter.
  6975 | D:7      | Noticed a cyan ugly thing
  6975 | D:7      | Noticed a green ugly thing
  6977 | D:7      | Noticed a green ugly thing
  7153 | D:7      | Reached ** piety under Okawaru
  7484 | D:8      | Found the +27 Lear's hauberk
  7660 | D:8      | Found a flagged portal.
  7669 | Bailey   | Entered a bailey
  7698 | Bailey   | Reached skill level 8 in Shields
  7698 | Bailey   | Reached XP level 9. HP: 50/55 MP: 11/11
  7928 | Bailey   | Reached *** piety under Okawaru
  8197 | Bailey   | Reached skill level 9 in Shields
  8275 | Bailey   | Reached skill level 5 in Invocations
  8292 | Bailey   | Reached **** piety under Okawaru
  8879 | D:8      | Reached XP level 10. HP: 60/63 MP: 13/13
  9671 | D:9      | Reached skill level 10 in Shields
  9802 | D:9      | Found a staircase to the Lair.
 10151 | D:9      | Noticed a two-headed ogre
 10173 | D:9      | Killed a two-headed ogre
 10173 | D:9      | Reached ***** piety under Okawaru
 10375 | D:9      | Found a shadowy altar of Dithmenos.
 10604 | D:9      | Noticed a two-headed ogre
 10621 | D:9      | Killed a two-headed ogre
 10621 | D:9      | Received a gift from Okawaru
 10621 | D:9      | Reached skill level 11 in Shields
 10621 | D:9      | Reached XP level 11. HP: 66/71 MP: 1/15
 11001 | D:9      | Found a basalt altar of Yredelemnul.
 11111 | D:10     | Entered Level 10 of the Dungeon
 11185 | D:10     | Received a gift from Okawaru
 11190 | D:10     | Got a brightly glowing hand axe {god gift}
 11191 | D:10     | Identified the +6 hand axe of Certain Death {speed, rF++}
                  | (Okawaru gifted it to you on level 10 of the Dungeon)
 11309 | D:10     | Noticed Josephine
 11335 | D:10     | Killed Josephine
 11335 | D:10     | Reached skill level 10 in Fighting
 11568 | D:10     | Noticed Erolcha
 11586 | D:10     | Killed Erolcha
 11586 | D:10     | Reached skill level 10 in Axes
 11586 | D:10     | Reached skill level 12 in Shields
 11991 | D:10     | Noticed Psyche
 11999 | D:10     | Killed Psyche
 12420 | D:11     | Noticed a two-headed ogre
 12431 | D:11     | Killed a two-headed ogre
 12578 | D:11     | Reached skill level 1 in Evocations
 12594 | D:11     | Reached ****** piety under Okawaru
 12689 | D:11     | Reached XP level 12. HP: 70/79 MP: 17/17
 13018 | D:11     | Noticed a two-headed ogre
 13039 | D:11     | Killed a two-headed ogre
 13118 | D:11     | Noticed a two-headed ogre
 13130 | D:11     | Killed a two-headed ogre
 13138 | D:11     | Received a gift from Okawaru
 13308 | D:11     | Found a staircase to the Orcish Mines.
 13901 | D:12     | Reached skill level 13 in Shields
 15254 | Lair:1   | Entered Level 1 of the Lair of Beasts
 15289 | Lair:1   | Reached XP level 13. HP: 84/86 MP: 17/19
 15847 | Lair:1   | Got a steaming ring mail
 15853 | Lair:1   | Identified the +4 ring mail of the Duchess {*Corrode rPois
                  | rF+ Dex+8} (You found it on level 1 of the Lair of Beasts)
 16375 | Lair:2   | Found a staircase to the Snake Pit.
 16506 | Lair:2   | Reached skill level 14 in Shields
 16604 | Lair:2   | Received a gift from Okawaru
 16647 | Lair:2   | Got an ichor-stained broad axe {god gift}
 16648 | Lair:2   | Identified the +7 broad axe "Jusuer" {drain, Int+2 SInv}
                  | (Okawaru gifted it to you on level 2 of the Lair of Beasts)
 17373 | Lair:3   | Reached skill level 5 in Evocations
 17504 | Lair:3   | Received a gift from Okawaru
 17510 | Lair:3   | Got a pair of brightly glowing boots {god gift}
 17547 | Lair:2   | Identified the -1 pair of boots "Luufege" {Int+2} (Okawaru
                  | gifted it to you on level 3 of the Lair of Beasts)
 18178 | Lair:3   | Found a staircase to the Shoals.
 18755 | Lair:4   | Gained mutation: Your large and strong wings let you fly
                  | indefinitely. [Gargoyle growth]
 18755 | Lair:4   | Reached XP level 14. HP: 95/95 MP: 20/20
 18871 | Lair:4   | Reached skill level 15 in Shields
 18991 | Lair:4   | Noticed Urug
 19002 | Lair:4   | Killed Urug
 19447 | Lair:5   | Received a gift from Okawaru
 19791 | Lair:5   | Received a gift from Okawaru
 20015 | Lair:5   | Got a translucent bronze amulet
 20302 | Lair:6   | Entered Level 6 of the Lair of Beasts
 20354 | Lair:6   | Reached skill level 5 in Armour
 20467 | Lair:6   | Found a runed translucent gate.
 20468 | Lair:6   | Found a runed translucent gate.
 20468 | Lair:6   | Found a staircase to the Slime Pits.
 20469 | Lair:6   | Found a runed translucent gate.
 20478 | Lair:6   | Reached skill level 1 in Dodging
 20651 | Lair:6   | Noticed pljop's ghost (journeyman KoSu)
 20672 | Lair:6   | Killed pljop's ghost
 20677 | Lair:6   | Identified the amulet of Wexiurph {Spirit Str+4} (You found
                  | it on level 5 of the Lair of Beasts)
 20929 | Lair:6   | HP: 4/96 [komodo dragon (11)]
 20930 | Lair:6   | HP: 1/96 [molten gargoyle/bolt of magma (3)]
 21276 | Lair:6   | Reached skill level 15 in Fighting
 21584 | Lair:6   | Found a large runed translucent door.
 21585 | Lair:6   | Found a large runed translucent door.
 22395 | Orc:1    | Entered Level 1 of the Orcish Mines
 22660 | Orc:2    | Entered Level 2 of the Orcish Mines
 22691 | Orc:2    | Reached XP level 15. HP: 96/103 MP: 14/21
 22894 | Orc:2    | Gained mutation: You are dopey. (Int -2) [a neqoxec]
 23163 | Orc:2    | Found Adwygumm's Assorted Antiques.
 23190 | Orc:2    | Found a staircase to the Elven Halls.
 23267 | Orc:1    | Received a gift from Okawaru
 23582 | Orc:2    | Noticed an orc warlord
 23615 | Orc:2    | Killed an orc warlord
 23862 | Orc:2    | Found Tuibros's Distillery.
 23862 | Orc:2    | Found Etevueh's Weapon Shoppe.
 23863 | Orc:2    | Found Luqujafi's Antique Armour Emporium.
 23866 | Orc:2    | Found Inogrumem's Book Emporium.
 23872 | Orc:2    | Bought a book of Callings for 390 gold pieces
 23877 | Orc:2    | Learned a level 4 spell: Summon Lightning Spire
 24188 | Orc:2    | Bought a potion of heal wounds for 75 gold pieces
 24188 | Orc:2    | Bought a potion of heal wounds for 75 gold pieces
 24300 | D:13     | Found a gate to the Vaults.
 24300 | D:13     | Noticed Nessos
 24312 | D:13     | Reached skill level 1 in Summonings
 24313 | D:13     | Reached skill level 1 in Air Magic
 24316 | D:13     | Killed Nessos
 24316 | D:13     | Reached skill level 1 in Spellcasting
 24389 | D:13     | Found Dytenk's Food Shop.
 24529 | D:13     | Noticed Jorgrun
 24543 | D:13     | Killed Jorgrun
 24846 | D:13     | Reached XP level 16. HP: 110/110 MP: 22/22
 25025 | D:14     | Found the ring of Phasing {EV+8}
 25116 | D:14     | Found Xuco May's Weapon Boutique.
 25262 | D:14     | Got a steaming buckler
 25359 | D:14     | Reached skill level 5 in Summonings
 25513 | D:15     | Entered Level 15 of the Dungeon
 25536 | D:15     | Reached skill level 15 in Axes
 25540 | D:15     | Reached skill level 16 in Shields
 25690 | D:15     | Paralysed by an ogre mage for 4 turns
 25716 | D:15     | Reached XP level 17. HP: 112/115 MP: 23/23
 25972 | D:15     | Received a gift from Okawaru
 25982 | D:15     | Got a scorched plate armour {god gift}
 26009 | D:14     | Identified the +6 plate armour "Fuasumiu" {rF- rN++ Regen+
                  | Slay+3} (Okawaru gifted it to you on level 15 of the
                  | Dungeon)
 26109 | D:15     | Found a portal to a secret trove of treasure.
 26203 | D:15     | Found Nautary's Jewellery Shop.
 26211 | D:15     | Bought an uncursed ring of protection from magic for 275
                  | gold pieces
 26383 | D:15     | Found a staircase to the Depths.
 26442 | D:15     | Found a white marble altar of Elyvilon.
 26836 | Snake:1  | Entered Level 1 of the Snake Pit
 27178 | Snake:1  | Noticed Roxanne
 27234 | Snake:1  | Killed Roxanne
 27312 | Snake:1  | Noticed Aizul
 27335 | Snake:1  | Killed Aizul
 27924 | Snake:2  | Reached skill level 17 in Shields
 28136 | Snake:2  | Received a gift from Okawaru
 28413 | Snake:2  | Found a shattered altar of Ashenzari.
 28517 | Snake:2  | Found Kyed's Book Boutique.
 28520 | Snake:2  | Found Vooshriemn's Distillery.
 28520 | Snake:2  | Found Hashif's Weapon Shop.
 28529 | Snake:2  | Found Viuq's Weapon Shop.
 28550 | Snake:2  | Bought a potion of haste for 170 gold pieces
 28550 | Snake:2  | Bought a potion of cancellation for 136 gold pieces
 29561 | Snake:3  | Reached XP level 18. HP: 99/120 MP: 15/24
 29565 | Snake:3  | Received a gift from Okawaru
 29937 | Snake:3  | Identified the +7 glaive of the Ass {venom, +Inv rElec}
                  | (You found it on level 3 of the Snake Pit)
 30216 | Snake:4  | Entered Level 4 of the Snake Pit
 30342 | Snake:4  | Received a gift from Okawaru
 30363 | Snake:4  | Got an ivory broad axe {god gift}
 30364 | Snake:4  | Identified the +12 broad axe "Plog" {drain, rPois} (Okawaru
                  | gifted it to you on level 4 of the Snake Pit)
 30393 | Snake:4  | Found Ffaereekki's Fabulous Fripperies.
 30461 | Snake:4  | Reached skill level 1 in Stealth
 30487 | Snake:4  | Noticed Vashnia
 30604 | Snake:4  | Killed Vashnia
 30604 | Snake:4  | Reached skill level 18 in Shields
 31112 | Snake:4  | Received a gift from Okawaru
 31141 | Snake:4  | Noticed Bai Suzhen
 31166 | Snake:4  | Found Witsid's Magic Scroll Boutique.
 31171 | Snake:4  | Found Allougawn's General Store.
 31171 | Snake:4  | Found Uryasa Zynk's Armour Boutique.
 31240 | Snake:4  | Killed Bai Suzhen
 31240 | Snake:4  | Reached XP level 19. HP: 117/128 MP: 15/25
 31266 | Snake:4  | Found Xeprean's Antique Armour Boutique.
 31387 | Snake:4  | Bought 2 scrolls of identify for 84 gold pieces
 31387 | Snake:4  | Bought a scroll of identify for 42 gold pieces
 31387 | Snake:4  | Bought a scroll of identify for 42 gold pieces
 31395 | Snake:4  | Bought a scroll of identify for 42 gold pieces
 31395 | Snake:4  | Bought a scroll of identify for 42 gold pieces
 31395 | Snake:4  | Bought a scroll of identify for 42 gold pieces
 31553 | Snake:4  | Received a gift from Okawaru
 31556 | Snake:4  | Got a pair of heavily runed boots {god gift}
 31562 | Snake:4  | Identified the +1 pair of boots of Pragmatism {-Cast rPois
                  | rF+} (Okawaru gifted it to you on level 4 of the Snake Pit)
 31629 | Snake:4  | Reached skill level 19 in Shields
 31763 | Snake:4  | Got a serpentine rune of Zot
 32359 | D:6      | Killed htime's ghost
 32505 | Elf:1    | Entered Level 1 of the Elven Halls
 32869 | Elf:1    | Received a gift from Okawaru
 33022 | Elf:1    | Got an ichor-stained robe {god gift}
 33034 | Elf:1    | Got turquoise-encrusted swamp dragon scales
 33235 | Elf:1    | Found Ehemiw's Magic Scroll Emporium.
 33240 | Elf:1    | Bought a scroll of identify for 28 gold pieces
 33240 | Elf:1    | Bought a scroll of identify for 28 gold pieces
 33297 | Elf:1    | Identified the +5 swamp dragon scales of Beogh's
                  | Benevolence {+Inv rPois rN+} (You found it on level 1 of
                  | the Elven Halls)
 33337 | Elf:1    | Identified Kikubaaqudgha's Compendium of Stolen Souls
 33824 | Elf:2    | Found a transporter.
 33824 | Elf:2    | Noticed Gezasmimp's ghost (adept DEVM)
 33922 | Elf:2    | Found a frozen archway.
 33922 | Elf:2    | Noticed Louise
 33936 | Elf:2    | Cast into level 2 of the Abyss (Louise)
 33990 | Elf:2    | Escaped the Abyss
 34021 | Elf:2    | Killed Louise
 34028 | IceCv    | Entered an ice cave
 34267 | IceCv    | Reached XP level 20. HP: 137/137 MP: 26/26
 34299 | IceCv    | Reached skill level 20 in Shields
 35079 | IceCv    | Got a transparent hat
 35090 | IceCv    | Identified the +2 hat "Ucsosile" {MR- Regen+ Str+8 SInv}
                  | (You found it in an ice cave)
 35105 | IceCv    | Got a bound copper ring
 35284 | Elf:2    | Found a runed translucent gate.
 35284 | Elf:2    | Found a runed translucent gate.
 35285 | Elf:2    | Found a runed translucent gate.
 35440 | Elf:2    | Found a transporter.
 35637 | Elf:2    | Noticed a Tzitzimitl
 35659 | Elf:2    | Found a radiant altar of Vehumet.
 35941 | Elf:2    | Identified the ring "Bealis" {+Inv rElec rPois Str-4 Dex+3}
                  | (You found it in an ice cave)
 36031 | Elf:2    | Killed Gezasmimp's ghost
 36084 | Elf:2    | Got a wavering ivory ring
 36086 | Elf:2    | Got a bloodstained morningstar
 36128 | Elf:2    | Identified the +11 morningstar of the Final Decision
                  | {venom, +Inv} (You found it on level 2 of the Elven Halls)
 36132 | Elf:2    | Identified the ring "Geskeops" {rElec AC+1 Dex+3} (You
                  | found it on level 2 of the Elven Halls)
 36136 | Elf:2    | Upgraded the game from 0.25-a0-785-gb22c70e859 to
                  | 0.25-a0-786-g5b70d41e48
 36156 | Elf:3    | Entered Level 3 of the Elven Halls
 36159 | Elf:3    | Received a gift from Okawaru
 36700 | Elf:3    | Identified Ceoti's Reference Book on the Entourage
 36738 | Elf:3    | Found a radiant altar of Vehumet.
 36845 | Elf:3    | Reached skill level 10 in Armour
 36900 | Elf:3    | Received a gift from Okawaru
 36951 | Elf:3    | Cast into level 2 of the Abyss (a deep elf sorcerer)
 37080 | Abyss:2  | Found a corrupted altar of Lugonu.
 37107 | Abyss:2  | Found a corrupted altar of Lugonu.
 37497 | Abyss:2  | Reached skill level 21 in Shields
 37585 | Abyss:2  | Gained mutation: You are very weak. (Str -4) [a neqoxec]
 37603 | Elf:3    | Escaped the Abyss
 37612 | Elf:3    | Noticed a Brimstone Fiend
 37630 | Elf:3    | Noticed a Brimstone Fiend
 38064 | Elf:3    | Reached XP level 21. HP: 145/145 MP: 27/27
 38139 | Elf:3    | Cast into level 2 of the Abyss (a deep elf demonologist)
 38139 | Abyss:2  | Found a corrupted altar of Lugonu.
 38147 | Abyss:2  | Got a jewelled buckler
 38168 | Elf:3    | Escaped the Abyss
 38218 | Elf:3    | Received a gift from Okawaru
 38271 | Elf:3    | Got an ebony hand axe {god gift}
 38294 | Elf:3    | Identified the +0 buckler of Teiba {Str+4 Int+3 Stlth+}
                  | (You found it on level 2 of the Abyss)
 38305 | Elf:3    | Identified the +8 hand axe "Vicuicw" {vorpal, Dex+7}
                  | (Okawaru gifted it to you on level 3 of the Elven Halls)
 38441 | Elf:3    | Received a gift from Okawaru
 38457 | Elf:3    | Identified the +0 leather armour of Cuofa {rF+ rCorr Int+2}
 38730 | Elf:3    | Found the +0 pair of fencer's gloves {Riposte Dex+3}
 38825 | Elf:3    | Got a shimmering longbow
 38831 | Elf:3    | Got a polished scale mail
 38838 | Elf:3    | Identified Wiqizaew's Collected Works on Quantum Creation
 38861 | Elf:3    | Got a crude hunting sling
 39185 | Elf:1    | Bought a scroll of enchant armour for 105 gold pieces
 39185 | Elf:1    | Bought a scroll of teleportation for 42 gold pieces
 39185 | Elf:1    | Bought a scroll of teleportation for 42 gold pieces
 39436 | Depths:1 | Entered Level 1 of the Depths
 39436 | Depths:1 | Found a magical portal.
 39496 | WizLab   | Received a gift from Okawaru
 39557 | WizLab   | Gained mutation: Armour fits poorly on your strangely
                  | shaped body. [mutagenic glow]
 39629 | WizLab   | Paralysed by a floating eye for 2 turns
 39649 | WizLab   | Paralysed by a floating eye for 2 turns
 39657 | WizLab   | Paralysed by a floating eye for 2 turns
 39662 | WizLab   | Paralysed by a floating eye for 2 turns
 39717 | WizLab   | Got a transparent sapphire amulet
 39718 | WizLab   | Identified the amulet "Qatudiweu" {Faith rElec} (You found
                  | it in a wizard's laboratory)
 39771 | WizLab   | Identified the Collected Works on Changing
 39779 | WizLab   | Identified Cigotuvi's Grimoire of Shape Shifting and
                  | Sinister Rituals
 39952 | WizLab   | Reached skill level 22 in Shields
 40497 | Depths:1 | Lost mutation: You are dopey. (Int -2) [potion of mutation]
 40497 | Depths:1 | Lost mutation: You are weak. (Str -2) [potion of mutation]
 40497 | Depths:1 | Gained mutation: Your spells are a little easier to cast,
                  | but a little less powerful. [potion of mutation]
 40497 | Depths:1 | Gained mutation: You are surrounded by a mild repulsion
                  | field. (EV +2) [potion of mutation]
 40498 | Depths:1 | Lost mutation: Armour fits poorly on your strangely shaped
                  | body. [potion of mutation]
 40498 | Depths:1 | Lost mutation: You are surrounded by a mild repulsion
                  | field. (EV +2) [potion of mutation]
 40498 | Depths:1 | Lost mutation: Your spells are a little easier to cast, but
                  | a little less powerful. [potion of mutation]
 40498 | Depths:1 | Gained mutation: Your body sometimes deteriorates upon
                  | taking damage. [potion of mutation]
 40498 | Depths:1 | Gained mutation: You are resistant to hostile enchantments.
                  | (MR+) [potion of mutation]
 40703 | Depths:1 | Received a gift from Okawaru
 40744 | Depths:1 | Found a gateway to Hell.
 41070 | Hell     | Entered the Vestibule of Hell
 41070 | Hell     | Noticed Geryon
 41074 | Hell     | Found a gateway to the decaying netherworld of Tartarus.
 41110 | Hell     | HP: 5/148 [skeletal warrior/+0 flail[an ancient champion]
                  | (5)]
 41132 | Hell     | HP: 4/148 [soul eater/drain life (8)]
 41134 | Hell     | Killed from afar by an ancient champion

Levels and vault maps discovered:
D:1:      eino_arrival_druids_welcome, layout_basic, minmay_small_reverse_x
D:2:      layout_rooms, overflow_temple_1_default, lemuel_doored_altar
D:3:      layout_basic, old_standard_altar, first_ration
D:4:      lemuel_upstairs_altar, layout_loops_corners, kennysheep_little_box,
          old_standard_altar, minmay_temple_entry_glass, serial_shops,
          shop_fountains, st_stairs_12
D:5:      layout_gridville, grunt_temple_overflow_opulence
D:6:      layout_basic, slow_altar_1, gammafunk_ghost_grave
D:7:      gammafunk_corrupted_shrine, layout_rooms
D:8:      layout_basic, enter_bailey_2
D:9:      cheibrodos_barr_body, layout_stronghold, lemuel_crystal_altar,
          grunt_dithmenos_smoke, due_lair_maze_entry_diamond
D:10:     layout_grid_maze, uniq_josephine, uniq_erolcha, uniq_psyche
D:11:     layout_loops_cross, david_orc_4, hangedman_stone_soup,
          kennysheep_big_empty_room, hangedman_minor_magic
D:12:     layout_layer_cave, chequers_mini_garden
D:13:     layout_cross, david_vaults_3, serial_shops, shop,
          chequers_serial_rivers_small_3, kennysheep_generic_room_7,
          uniq_jorgrun
D:14:     layout_roguey, serial_shops, shop_coins
D:15:     grunt_enter_depths_snipers, layout_loops_ring, elyvilon_altar_4,
          enter_trove_0, serial_shops, shop
Temple:   minmay_temple_forest_path
Lair:1:   layout_roguey, infiniplex_staircase_pool_2, minmay_lair_oklob_chamber,
          serial_bayou_shore_a, serial_bayou_shore_b
Lair:2:   layout_loops_ring, minmay_snake_entry_guardpost_small,
          small_statue_intersection, beast_lair_carwin_1, grunt_megastairs_1
Lair:3:   layout_concentric_octagons, elwin_shoals_entry_rooms,
          small_statue_intersection, wad_woods_03
Lair:4:   layout_cave_pods, minivault_25, grunt_megastairs_5, uniq_urug
Lair:5:   nzn_motion_control, layout_misc_corridors,
          grunt_forest_large_clearings
Lair:6:   cheibrodos_lair_end_hotspot, layout_regular_city,
          minmay_slime_entry_jelly_boxes, ebering_ghost_rock_garden,
          chequers_serial_rivers_micro_a, serial_bayou_shore_b
Snake:1:  layout_grid_shapes, uniq_roxanne, uniq_aizul
Snake:2:  layout_chambers, basic_altar, grunt_ministairs_1, minmay_shoptagon
Snake:3:  layout_misc_corridors, st_stairs_13
Snake:4:  grunt_snake_rune_pools, layout_cave_town, st_stairs_10,
          nicolae_alphabet_shops, serial_bayou_pond_e, minmay_shop_grid_forest,
          uniq_vashnia, uniq_bai_suzhen
Orc:1:    layout_caves
Orc:2:    st_orc_mages, layout_caves, serial_shops,
          nicolae_shop_overgrown_old_shop
Elf:1:    minmay_the_grid_square_5x5_5x5_mashed
          [minmay_the_grid_square_5x5_checkered_sparse,
          minmay_the_grid_square_5x5_lines,
          minmay_the_grid_square_5x5_gyroscope,
          minmay_the_grid_square_5x5_minivault, minmay_the_grid_square_5x5_six,
          minmay_the_grid_square_5x5_bite,
          minmay_the_grid_square_5x5_prize_open,
          minmay_the_grid_square_5x5_eight_small,
          minmay_the_grid_square_5x5_prize_gold,
          minmay_the_grid_square_5x5_plus, minmay_the_grid_square_5x5_three,
          minmay_the_grid_square_5x5_forky,
          minmay_the_grid_square_5x5_prize_deathbox,
          minmay_the_grid_square_5x5_c,
          minmay_the_grid_square_5x5_inverted_slash,
          minmay_the_grid_square_5x5_inset,
          minmay_the_grid_square_5x5_prize_waves,
          minmay_the_grid_square_5x5_fat_x,
          minmay_the_grid_square_5x5_prize_junk,
          minmay_the_grid_square_5x5_checkered_statues,
          minmay_the_grid_square_5x5_minimal, minmay_the_grid_square_5x5_slash,
          minmay_the_grid_square_5x5_bridge,
          minmay_the_grid_square_5x5_doubleslash,
          minmay_the_grid_square_5x5_detours], layout_rooms, serial_shops, shop,
          minmay_elf_necromancy, feat_on_display
Elf:2:    layout_loops_ring, portal_ice_cave_entry_ice_statue_one, basic_altar,
          gammafunk_ghost_berserking_beasts, minmay_misc_feat_rows, uniq_louise
Elf:3:    minmay_elf_hall_x, layout_gridlike, basic_altar, minmay_elf_demonology
Depths:1: layout_small_grid, infiniplex_enter_wizlab_water, hell_entry,
          minmay_door_square, abyss_entry_crystal, serial_sigils_hangedman_etch,
          minmay_crystal_box
Hell

Skill      XL: |  1  2  3  4  5  6  7  8  9 10 11 12 13 14 15 16 17 18 19 20 21 |
---------------+----------------------------------------------------------------+-----
Axes           | 2 3 4 5 6 7 9 10 11 12 14 15 17 18 | 18.0
Shields        | 4 5 6 8 9 11 12 13 14 15 16 17 18 19 21 22 | 22.4
Fighting       | 4 5 6 7 9 10 12 13 15 16 17 18 19 21 | 21.3
Invocations    | 1 2 3 5 6 7 8 |  8.0
Evocations     | 1 3 5 |  5.0
Armour         | 5 7 10 | 10.0
Dodging        | 2 3 |  3.0
Summonings     | 4 5 |  5.0
Air Magic      | 4 |  4.5
Spellcasting   | 1 2 |  2.2
Stealth        | 1 |  1.0

Action                   |  1- 3 |  4- 6 |  7- 9 | 10-12 | 13-15 | 16-18 | 19-21 || total
-------------------------+-------+-------+-------+-------+-------+-------+-------++-------
Melee: War axe           |   118 |   163 |       |   183 |     9 |     9 |       ||   482
       Spear             |       |    54 |       |       |       |       |       ||    54
       Hand axe          |       |       |   511 |   873 |   486 |  1252 |  1863 ||  4985
       Broad axe         |       |       |       |       |   648 |   297 |   413 ||  1358
Invok: Heroism           |       |       |     2 |     8 |    10 |     5 |     8 ||    33
       Finesse           |       |       |       |     1 |     2 |     1 |     3 ||     7
 Abil: Fly               |       |       |       |       |     1 |       |       ||     1
Evoke: Wand              |       |       |       |       |       |       |     4 ||     4
  Use: Scroll            |       |       |     8 |     2 |    14 |     5 |    26 ||    55
       Potion            |       |       |       |       |     2 |       |     8 ||    10
 Stab: Distracted        |       |       |       |       |       |       |     1 ||     1
  Eat: Chunk             |       |    10 |    17 |    17 |    25 |    22 |    16 ||   107
       Ration            |       |       |       |     1 |     2 |       |     5 ||     8
Armor: Scale mail        |    58 |   125 |    85 |       |       |       |       ||   268
       Chain mail        |       |       |   249 |   397 |   627 |    68 |       ||  1341
       Plate armour      |       |       |       |       |       |   262 |   378 ||   640
       Gold dragon scale |       |       |       |       |       |       |   106 ||   106
Dodge: Dodged            |    42 |    56 |   143 |   150 |   229 |   307 |   402 ||  1329
       Deflected         |       |       |     2 |       |     6 |    50 |    37 ||    95
Block: Kite shield       |    76 |   129 |   459 |   598 |   313 |       |   163 ||  1738
       Tower shield      |       |       |       |       |   535 |  1157 |  1310 ||  3002
       Rpst.: Broad axe  |       |       |       |       |       |       |     7 ||     7
       Hand axe          |       |       |       |       |       |       |     1 ||     1

Table legend:
 A = Non-vault XP
 B = Vault XP
 C = Vault XP percentage of total XP
 D = Non-vault monster count
 E = Vault monster count
 F = Vault count percentage of total count
                 A         B        C        D         E       F
            +---------+---------+-------+---------+---------+-------
      Total |  277856 |  263469 |  48.7 |     918 |     586 |  39.0
            +---------+---------+-------+---------+---------+-------
        D:1 |      67 |       6 |   8.2 |      34 |       4 |  10.5
        D:2 |     102 |       0 |   0.0 |      27 |       0 |   0.0
        D:3 |      57 |       0 |   0.0 |      18 |       0 |   0.0
        D:4 |     385 |      35 |   8.3 |      19 |       2 |   9.5
        D:5 |     255 |       0 |   0.0 |      24 |       0 |   0.0
        D:6 |     603 |     459 |  43.2 |      18 |       2 |  10.0
        D:7 |     503 |    2416 |  82.8 |      14 |       8 |  36.4
        D:8 |    1400 |       0 |   0.0 |      37 |       0 |   0.0
        D:9 |    2188 |    2739 |  55.6 |      25 |      23 |  47.9
       D:10 |    1764 |    3292 |  65.1 |      19 |       7 |  26.9
       D:11 |    5868 |    3108 |  34.6 |      38 |      35 |  47.9
       D:12 |    6993 |       0 |   0.0 |      48 |       0 |   0.0
       D:13 |    3943 |   10489 |  72.7 |      15 |      24 |  61.5
       D:14 |    9982 |       0 |   0.0 |      33 |       0 |   0.0
       D:15 |   25830 |    2314 |   8.2 |      59 |       3 |   4.8
     Lair:1 |    3251 |    1152 |  26.2 |      14 |       2 |  12.5
     Lair:2 |    3637 |    4956 |  57.7 |      19 |      19 |  50.0
     Lair:3 |    5941 |     729 |  10.9 |      16 |       2 |  11.1
     Lair:4 |    3881 |    1546 |  28.5 |      17 |       5 |  22.7
     Lair:5 |    4775 |    7643 |  61.5 |      20 |      34 |  63.0
     Lair:6 |    6001 |    8341 |  58.2 |      20 |      38 |  65.5
    Snake:1 |   12338 |    3823 |  23.7 |      25 |       2 |   7.4
    Snake:2 |   17618 |     605 |   3.3 |      32 |       2 |   5.9
    Snake:3 |   27602 |     836 |   2.9 |      52 |       1 |   1.9
    Snake:4 |   25643 |   60301 |  70.2 |      48 |      70 |  59.3
      Orc:1 |    4162 |       0 |   0.0 |      33 |       0 |   0.0
      Orc:2 |    5937 |    5836 |  49.6 |      53 |      44 |  45.4
      Elf:1 |    4876 |   34100 |  87.5 |      10 |      61 |  85.9
      Elf:2 |   19410 |   12075 |  38.4 |      31 |      16 |  34.0
      Elf:3 |   27904 |   55499 |  66.5 |      43 |      39 |  47.6
   Depths:1 |   28083 |       0 |   0.0 |      32 |       0 |   0.0
       Hell |       0 |    2304 | 100.0 |       0 |       3 | 100.0
    Abyss:2 |   16857 |       0 |   0.0 |      25 |       0 |   0.0
     Bailey |       0 |    2304 | 100.0 |       0 |      39 | 100.0
      IceCv |       0 |    9005 | 100.0 |       0 |      51 | 100.0
     WizLab |       0 |   27556 | 100.0 |       0 |      50 | 100.0
            +---------+---------+-------+---------+---------+-------
